 Dungeon Crawl Stone Soup version 0.29-a0-334-gb41bcbb86e (webtiles) character file.

Game seed: 3606370155605142530

99 spaghetti the Charlatan (level 4, -1/42 HPs)
             Began as a Naga Artificer on Apr 14, 2022.
             Was a Believer of Makhleb.
             Slain by a worm (2 damage)
             ... on level 3 of the Dungeon.
             The game lasted 00:04:04 (2489 turns).

spaghetti the Charlatan (Naga Artificer)            Turns: 2489, Time: 00:04:05

Health: -1/42      AC: 13    Str: 17    XL:     4   Next: 72%
Magic:  5/5        EV:  5    Int: 11    God:    Makhleb [**....]
Gold:   122        SH:  0    Dex: 11    Spells: 3/3 levels left

rFire   . . .      SeeInvis +   i - +1 trident (protect) {polearm}
rCold   . . .      Faith    .   (no shield)
rNeg    . . .      Spirit   .   f - +0 chain mail
rPois   +          Reflect  .   (no helmet)
rElec   .          Harm     .   (no cloak)
rCorr   .          Rampage  .   (no gloves)
Will    .....                   (no barding)
Stlth   ..........              s - amulet of magic regeneration {@e2}
HPRegen 0.14/turn               (no ring)
MPRegen 0.49/turn               (no ring)

@: short of breath, under a protective aura, very slow
A: AC +1, large, see invisible, deformed body, poison resistance, slowness 2,
spit poison 1, naga tail 1
a: Spit Poison, Renounce Religion, Minor Destruction


You were on level 3 of the Dungeon.
You worshipped Makhleb.
Makhleb was pleased with you.
You visited 1 branch of the dungeon, and saw 3 of its levels.

You collected 122 gold pieces.


Innate Abilities, Weirdness & Mutations

Your serpentine skin is tough. (AC +1)
You have supernaturally acute eyesight. (SInv)
Armour fits poorly on your strangely shaped body.
Your system is resistant to poisons. (rPois)
You cover ground very slowly.
You can spit poison.
You have a snake-like lower body.


   Skills:
 * Level 3.0 Fighting
 * Level 2.7 Armour
 - Level 0.7 Dodging
 - Level 1.5 Stealth
 + Level 1.3 Invocations
 - Level 3.0 Evocations


You had 3 spell levels left.
You didn't know any spells.
Your spell library contained the following spells:

 Spells                   Type           Power      Damage    Failure   Level
 Gell's Gravitas          Tloc           0%         N/A       100%        3
 Lesser Beckoning         Tloc           0%         N/A       100%        3
 Teleport Other           Tloc           0%         N/A       100%        3

Inventory:

Hand Weapons
 a - a +0 club {mace}
 i - a +1 trident of protection (weapon) {polearm}
   (You took it off a kobold on level 2 of the Dungeon)
Missiles
 h - 3 curare-tipped darts {=fthrowing}
 j - 55 stones (quivered) {throwing}
 l - 2 boomerangs {throwing}
 r - 4 poisoned darts {throwing}
 v - 3 atropa-tipped darts {throwing}
Armour
 b - a +0 leather armour
 f - a +0 chain mail (worn)
   (You found it on level 1 of the Dungeon)
Magical Staves
 u - a staff of poison {!astaff}
   (You found it on level 2 of the Dungeon)
Jewellery
 s - an amulet of magic regeneration (around neck) {@e2}
   (You found it on level 2 of the Dungeon)
Wands
 c - a wand of flame (6)
 d - a wand of charming (15)
 e - a wand of iceblast (11)
Scrolls
 g - a scroll of brand weapon {unknown}
 k - a scroll of amnesia {unknown}
 m - a scroll of enchant weapon {unknown}
 n - 2 scrolls of identify {unknown}
 p - a scroll of immolation {unknown}
 q - 3 scrolls of teleportation {unknown}
Potions
 o - a potion of haste {unknown}
 t - 2 potions of curing {@q1}

Dungeon Overview and Level Annotations

Branches:
Dungeon (3/15)

Altars:
Makhleb

..# ###..#####
#...<.....
+.........
#.........
+!........
#.wl...... #@#
#.# #.#
####.#######.#
#............#
#.##.##<###..#
#.##.........#
#.#####.###.##
#.# #.#


You could see a worm and an iguana.


Message History

No target in view!
No target in view!
Found an escape hatch in the ceiling.
v - 3 atropa-tipped darts {throwing}
q - 3 scrolls labelled JITHAU AFIRA (gained 1)
Found a stone staircase leading down.
Found a stone staircase leading down.
(D) Dungeon
Where to? (Enter - D:2, ? - help)
There is a stone staircase leading down here.
You climb downwards.
There is a stone staircase leading up here.
Key pressed, stopping explore.
Unknown command.
You open the door.
A worm and an iguana come into view.
The iguana hisses angrily.
Found a blue potion.
Found an escape hatch in the ceiling.
There are monsters nearby!
There are monsters nearby!
The iguana bites you but does no damage.
There is an open door here.
You barely miss the iguana. The iguana bites you! 😕 HP[-7]
You take 7 damage, and now have 35/42 hp.
You are too injured to fight recklessly!
You are too injured to fight recklessly!
You are too injured to fight recklessly!
You are too injured to fight recklessly!
You are too injured to fight recklessly!
You are too injured to fight recklessly!
You are too injured to fight recklessly!
You are too injured to fight recklessly!
You are too injured to fight recklessly!
You are too injured to fight recklessly!
You are too injured to fight recklessly!
You are too injured to fight recklessly!
You are too injured to fight recklessly!
Unknown command.
You are too injured to fight recklessly!
You hit the iguana.
Your weapon exudes an aura of protection.
The iguana barely misses you.
You hit the iguana.
The iguana bites you but does no damage.
You barely miss the iguana.
The iguana bites you but does no damage.
The iguana bites you. 😮 HP[-4]
You take 4 damage, and now have 31/42 hp.
You hit the iguana but do no damage. The iguana barely misses you.
You hit the iguana. The iguana barely misses you.
The worm bites you but does no damage. 😕 HP[+1]
You hit the iguana. The iguana bites you! The iguana bites you.
The worm bites you but does no damage. 😮 HP[-10]
You take 10 damage, and now have 22/42 hp.
MASSIVE DAMAGE!! (PAUSE)
You hit the iguana. The iguana barely misses you.
You barely miss the iguana. The iguana barely misses you.
The worm bites you but does no damage.
You hit the iguana. The iguana barely misses you.
The worm bites you but does no damage.
The iguana bites you but does no damage.
You hit the iguana. The iguana bites you.
* * * LOW HITPOINT WARNING * * *
The worm barely misses you. 😨 HP[-4]
You take 4 damage, and now have 18/42 hp.
You hit the iguana but do no damage. The iguana bites you.
* * * LOW HITPOINT WARNING * * *
The worm bites you but does no damage. 😨 HP[-2]
You take 2 damage, and now have 16/42 hp.
You closely miss the iguana.
The iguana bites you but does no damage.
You hit the iguana but do no damage. The iguana bites you.
* * * LOW HITPOINT WARNING * * *
The worm barely misses you. The iguana bites you.
* * * LOW HITPOINT WARNING * * *
😨 HP[-5]
You take 5 damage, and now have 11/42 hp.
You completely miss the iguana. The iguana bites you.
* * * LOW HITPOINT WARNING * * *
The worm bites you but does no damage. 😱 HP[-5]
You take 5 damage, and now have 6/42 hp.
Unknown command.
You feel better. The iguana bites you!
* * * LOW HITPOINT WARNING * * *
😱 HP[+3]
You regained 3 hp, and now have 9/42 hp.
Aiming: Spit Poison (1% risk of failure)
Press: ? - help, Shift-Dir - straight line, f - worm
Aim: a worm (86% to hit)
The splash of poison hits the worm.
The iguana bites you!
* * * LOW HITPOINT WARNING * * *
The worm bites you.
You die...

Skill      XL: |  1  2  3  4 |
---------------+-------------+-----
Armour         | 2 |  2.7
Fighting       | 2 3 |  3.0
Invocations    | 1 |  1.3
Dodging        | |  0.7
Stealth        | |  1.5
Evocations     | |  3.0

Action                   |  1- 3 |  4- 6 || total
-------------------------+-------+-------++-------
Melee: Club              |   138 |     2 ||   140
       Punch             |     1 |       ||     1
       Trident           |       |    39 ||    39
Throw: Dart              |    18 |     9 ||    27
       Stone             |     2 |    16 ||    18
 Abil: Spit Poison       |    13 |     2 ||    15
Evoke: Wand              |     5 |     4 ||     9
  Use: Potion            |     3 |     1 ||     4
Armor: Chain mail        |   154 |    22 ||   176
Dodge: Dodged            |    46 |    11 ||    57

Levels and vault maps discovered:
D:1:      ebering_trefoil_twist, layout_rooms, chequers_ecumenical_altar_grove
D:2:      layout_loops_ring, hangedman_decor_clover_reticule, hex_tiny,
          minmay_pentomino_o2, uniq_robin, uniq_jessica
D:3:      minmay_goblin_kobold_castle, layout_basic,
          grunt_temple_overflow_opulence, mainiacjoe_overflow_chevrons,
          mainiacjoe_overflow_small_starburst, old_standard_altar,
          ebering_ghost_rock_garden, uniq_sigmund, uniq_terence

Notes
Turn   | Place    | Note
-------+----------+-------------------------------------------
     0 | D:1      | spaghetti the Naga Artificer began the quest for the Orb.
     0 | D:1      | Reached XP level 1. HP: 18/18 MP: 1/1
     0 | D:1      | magus.rc [v1.9.6]
   264 | D:1      | Reached XP level 2. HP: 21/25 MP: 2/2
   350 | D:1      | Reached skill level 2 in Armour
   444 | D:1      | Found a faded altar of an unknown god.
   455 | D:1      | Prayed at the altar of an unknown god.
   455 | D:1      | Became a worshipper of Makhleb the Destroyer
   455 | D:1      | Reached * piety under Makhleb
   664 | D:1      | Reached skill level 2 in Fighting
   835 | D:1      | Reached XP level 3. HP: 17/32 MP: 3/3
  1324 | D:2      | You pick up a book of Displacement and begin reading...
  1324 | D:2      | You add the spells Lesser Beckoning, Gell's Gravitas and
                  | Teleport Other to your library.
  1361 | D:2      | Reached ** piety under Makhleb
  1435 | D:2      | Noticed Robin
  1458 | D:2      | Killed Robin
  1459 | D:2      | Reached skill level 1 in Invocations
  1462 | D:2      | HP: 8/33 [hobgoblin[Robin] (3)]
  1464 | D:2      | Reached XP level 4. HP: 10/40 MP: 4/4
  2249 | D:2      | Noticed Jessica
  2257 | D:2      | Killed Jessica
  2354 | D:2      | Reached skill level 3 in Fighting
  2487 | D:3      | HP: 6/42 [iguana (5)]
  2489 | D:3      | HP: 1/42 [iguana (9)]
  2489 | D:3      | Slain by a worm

Vanquished Creatures
  Jessica (D:2)
  Robin (D:2)
  A dart slug (D:1)
  4 bats (D:1)
  5 endoplasms
  5 giant cockroaches
  8 goblins
  6 hobgoblins
  2 jackals (D:1)
  A quokka (D:1)
  4 ball pythons (D:1)
  11 kobolds
  9 rats
58 creatures vanquished.

Table legend:
 A = Non-vault XP
 B = Vault XP
 C = Vault XP percentage of total XP
 D = Non-vault monster count
 E = Vault monster count
 F = Vault count percentage of total count
                 A         B        C        D         E       F
            +---------+---------+-------+---------+---------+-------
      Total |      66 |      76 |  53.5 |      44 |      14 |  24.1
            +---------+---------+-------+---------+---------+-------
        D:1 |      48 |       0 |   0.0 |      32 |       0 |   0.0
        D:2 |      18 |      76 |  80.9 |      12 |      14 |  53.8
            +---------+---------+-------+---------+---------+-------

Illustrated notes

Table legend:
 A = Kills in this place as a percentage of kills in entire the game.
 B = Kills by you in this place as a percentage of kills by you in the entire game.
 C = Kills by friends in this place as a percentage of kills by friends in the entire game.
 D = Other kills in this place as a percentage of other kills in the entire game.
 E = Experience gained in this place as a percentage of experience gained in the entire game.
 F = Experience gained in this place divided by the number of levels of this place that you have seen.
                   A       B       C       D       E      F
               +-------+-------+-------+-------+-------+----------------------
         Total | 100.0 | 100.0 |   N/A |   N/A | 100.0 |  47.3
       Dungeon | 100.0 | 100.0 |   N/A |   N/A | 100.0 |  47.3
               +-------+-------+-------+-------+-------+----------------------

Table legend: (Time is in decaauts)
 A = Elapsed time spent in this place.
 B = Non-inter-level travel time spent in this place.
 C = Inter-level travel time spent in this place.
 D = Time resting spent in this place.
 E = Time spent auto-exploring this place.
 F = Levels seen in this place.
 G = Mean time per level.
                   A        B        C        D        E       F      G
               +--------+--------+--------+--------+--------+-----+--------+
         Total |   2918 |   2895 |     23 |    495 |   1885 |   3 |  972.7 |
       Dungeon |   2918 |   2895 |     23 |    495 |   1885 |   3 |  972.7 |
               +--------+--------+--------+--------+--------+-----+--------+

Top non-repeatable levels by time:
     D:1: 1491 daAuts
     D:2: 1369 daAuts
     D:3: 57 daAuts
